 Dungeon Crawl Stone Soup version 0.30.1-11-g7821555f0a (webtiles) character file.

Game seed: 17721509340799170391

4769 Ijustatesigmund the Geomancer (level 10, -1/56 HPs)
             Began as a Gargoyle Earth Elementalist on Nov 24, 2023.
             Slain by a flying skull (9 damage)
             ... on level 1 of the Abyss.
             The game lasted 00:18:34 (10704 turns).

Ijustatesigmund the Geomancer (GrEE)               Turns: 10704, Time: 00:18:35

Health: -1/56      AC: 13    Str: 13    XL:     10   Next: 47%
Magic:  3/19       EV: 11    Int: 19    God:
Gold:   379        SH:  5    Dex: 10    Spells: 12/21 levels left

rFire   . . .        f - +1 whip (elec)
rCold   . . .        F - +2 buckler
rNeg    + . .        a - +0 steam dragon scales
rPois   ∞            (no helmet)
rElec   +            (no cloak)
rCorr   .            (no gloves)
SInv    .            q - +0 pair of boots
Will    .....        (no amulet)
Stlth   ++           c - ring of wizardry
HPRegen 0.29/turn    (no ring)
MPRegen 0.16/turn

%: wizardry (x1)
@: attractive
A: sickness immunity, AC +7, negative energy resistance 1, electricity
resistance, torment resistance 1, petrification resistance
a: no special abilities


You were on level 1 of the Abyss.
You visited 1 branch of the dungeon, and saw 8 of its levels.
You visited the Abyss 1 time.
You also visited: Sewer.

You collected 379 gold pieces.

Inventory:

Hand Weapons
 e - a +0 morningstar
 f - a +1 whip of electrocution (weapon)
Armour
 a - +0 steam dragon scales (worn)
 n - a +0 troll leather armour {Pargi}
 q - a +0 pair of boots (worn)
 F - a +2 buckler (worn)
Jewellery
 c - a ring of wizardry (left hand)
Wands
 h - a wand of light (15)
 l - a wand of roots (1)
 t - a wand of paralysis (4)
 C - a wand of flame (17)
Scrolls
 d - 2 scrolls of silence
 m - 6 scrolls of teleportation
 r - a scroll of fog
 u - 2 scrolls of magic mapping
 w - 4 scrolls of identify {unknown}
 x - 2 scrolls of poison {unknown}
 y - a scroll of amnesia
 A - a scroll of enchant weapon
 D - a scroll of fear
Potions
 b - a potion of magic
 g - 3 potions of flight
 i - a potion of haste {unknown}
 j - 4 potions of heal wounds {unknown}
 k - 4 potions of might {unknown}
 o - 3 potions of brilliance
 p - 3 potions of curing
 s - a potion of attraction
 v - 3 potions of mutation {unknown}
 z - a potion of ambrosia {unknown}
 B - a potion of degeneration {unknown}
 E - a potion of invisibility {unknown}


   Skills:
 - Level 3.3 Fighting
 - Level 3.5 Maces & Flails
 - Level 1.5 Dodging
 - Level 2.1 Stealth
 + Level 1.0 Shields
 + Level 6.3 Spellcasting
 + Level 8.3 Conjurations
 + Level 2.5 Transmutations
 + Level 1.9 Fire Magic
 + Level 2.3 Air Magic
 + Level 8.7 Earth Magic
 + Level 1.7 Poison Magic
 + Level 4.2 Evocations


You had 12 spell levels left.
You knew the following spells:

 Your Spells              Type           Power      Damage    Failure   Level
a - Sandblast             Erth           78%        2d17      1%          1
b - Stone Arrow           Conj/Erth      76%        3d11      1%          3
c - Poisonous Vapours     Pois/Air       26%        N/A       4%          2
d - Ignite Poison         Fire/Tmut/Pois 13%        N/A       9%          3

Your spell library contained the following spells:

 Spells                   Type           Power      Damage    Failure   Level
 Passwall                 Tmut/Erth      22%        N/A       1%          2
 Mephitic Cloud           Conj/Pois/Air  21%        N/A       3%          3
 Necrotise                Necr           24%        1d5       6%          1
 Petrify                  Tmut/Erth      27%        N/A       6%          4
 Sticky Flame             Conj/Fire      25%        2d5       8%          4
 Vampiric Draining        Necr           6%         2d6       17%         3
 Freezing Cloud           Conj/Ice/Air   9%         6-21      36%         5
 Agony                    Necr           6%         N/A       82%         5
 Ignition                 Fire           6%         3d4       100%        8


Dungeon Overview and Level Annotations

Branches:
Dungeon (8/15)             Temple (0/1) D:7            Lair (0/5) D:8
  Sewer (visited)

Altars:
Ashenzari
Fedhas
Hepliaklqana
Nemelex Xobeh
Vehumet
Zin
The Shining One

Shops:
D:1 =


Innate Abilities, Weirdness & Mutations

You are immune to sickness and miasma.
Your stone body is resilient. (AC +7)
You are immune to poison.
You resist negative energy. (rN+)
You are resistant to electric shocks. (rElec)
You are resistant to unholy torment.
You are immune to petrification.


Message History

Your Shields skill increases to level 1!
Casting: Stone Arrow (safe; 1% risk of failure)
Confirm with . or Enter, or press ? or * to list all spells.
Aiming: Stone Arrow (safe; 1% risk of failure)
Press: ? - help, Shift-Dir - straight line, f - flying skull
Aim: a flying skull (51% to hit)
The stone arrow hits the flying skull!
The flying skull is severely damaged.
The flying skull misses you. The flying skull closely misses you.
You block the flying skull's attack.
You hit the flying skull but do no damage.
The flying skull is severely damaged.
The flying skull misses you. The flying skull hits you.
You closely miss the flying skull.
The flying skull is severely damaged.
The flying skull hits you but does no damage.
The flying skull closely misses you.
The flying skull hits you but does no damage.
The flying skull barely misses you. The flying skull misses you.
You hit the flying skull.
The flying skull is almost destroyed.
The flying skull hits you. The flying skull hits you!
The flying skull hits you.
Casting: Stone Arrow (safe; 1% risk of failure)
Confirm with . or Enter, or press ? or * to list all spells.
Aiming: Sandblast (safe; 1% risk of failure)
Press: ? - help, Shift-Dir - straight line, f/p - flying skull
Aim: a flying skull (almost destroyed, 69% to hit)
The blast of sand misses the flying skull.
The flying skull hits you. The flying skull hits you!
The flying skull hits you but does no damage. x2
The flying skull hits you!
* * * LOW HITPOINT WARNING * * *
The flying skull hits you but does no damage.
The flying skull hits you.
* * * LOW HITPOINT WARNING * * *
It was a potion of attraction.
You feel attractive to monsters. The flying skull closely misses you.
The flying skull hits you!
You die...

. # #.#. .## .#..
#.##..# ###.....##
.# #........##.#
#.zzz..##...#
##..@##....#.#
##........#...#
#.............#
#.##....#..#...###
#.# .##..........
# ##...
.........#.# ....
#.._..........
.#...##.#........
. ..
.#.......#...#


You could see 3 flying skulls.

Vanquished Creatures
  Joseph (D:7)
  A hornet (D:4)
  2 flying skulls (Abyss:1)
  Sigmund (D:3)
  2 yaks (D:8)
  3 steam dragons
  A wyvern (D:8)
  Menkaure (D:7)
  Duvessa (D:7)
  4 water moccasins
  3 black bears
  Pargi (Sewer)
  An ogre (D:5)
  2 phantoms
  Blork the orc (D:5)
  2 kobold brigands
  4 bullfrogs
  2 scorpions (D:6)
  Dowan (D:7)
  5 killer bees
  4 howler monkeys
  5 orc priests
  2 hounds
  A jelly (D:5)
  Natasha (thrice) (D:3)
  3 iguanas
  4 orc wizards
  A gnoll (D:1)
  5 adders
  A river rat (D:3)
  2 shadow imps
  2 white imps
  4 worms
  11 dart slugs
  20 orcs
  10 ball pythons
  8 endoplasms
  7 giant cockroaches
  9 hobgoblins
  20 kobolds
  4 quokkas
  6 bats
  4 frilled lizards
  3 goblins
  8 rats
186 creatures vanquished.

Notes
Turn   | Place    | Note
-------+----------+-------------------------------------------
     0 | D:1      | Ijustatesigmund the Gargoyle Earth Elementalist began the
                  | quest for the Orb.
     0 | D:1      | Reached XP level 1. HP: 10/10 MP: 3/3
   157 | D:1      | Reached XP level 2. HP: 16/16 MP: 3/5
   218 | D:1      | Reached skill level 1 in Fighting
   700 | D:1      | Reached XP level 3. HP: 20/20 MP: 3/6
   704 | D:1      | Learned a level 3 spell: Stone Arrow
   861 | D:1      | Found Heetz's Jewellery Shoppe.
  1047 | D:1      | Reached skill level 1 in Conjurations
  1639 | D:2      | Reached XP level 4. HP: 25/25 MP: 5/7
  2022 | D:3      | Noticed Natasha
  2028 | D:3      | Killed Natasha
  2294 | D:3      | Noticed Natasha
  2299 | D:3      | Killed Natasha
  2300 | D:3      | Reached XP level 5. HP: 22/29 MP: 4/9
  2413 | D:3      | Noticed Natasha
  2479 | D:3      | Killed Natasha
  2510 | D:3      | Found a glowing drain.
  2528 | Sewer    | Entered a sewer
  2716 | Sewer    | Noticed Pargi
  2724 | Sewer    | Killed Pargi
  2725 | Sewer    | Reached skill level 5 in Earth Magic
  2725 | Sewer    | Reached XP level 6. HP: 34/34 MP: 9/11
  2957 | D:3      | Noticed Sigmund
  2965 | D:3      | Killed Sigmund
  2966 | D:3      | Reached XP level 7. HP: 22/38 MP: 12/12
  3743 | D:4      | Reached skill level 5 in Conjurations
  3901 | D:4      | Found a glowing golden altar of the Shining One.
  4149 | D:4      | Found a broken altar of Ashenzari.
  4183 | D:4      | Identified the +10 plate armour of Kuufoceg {Stlth+}
  4376 | D:4      | Noticed a hornet
  4384 | D:4      | Killed a hornet
  4594 | D:4      | Found a blossoming altar of Fedhas.
  4637 | D:5      | Entered Level 5 of the Dungeon
  4645 | D:5      | Reached XP level 8. HP: 32/43 MP: 10/14
  4926 | D:5      | Reached skill level 1 in Maces & Flails
  4937 | D:5      | Reached skill level 1 in Evocations
  5905 | D:5      | Reached skill level 5 in Spellcasting
  6554 | D:5      | Noticed Blork the orc
  6558 | D:5      | Killed Blork the orc
  6559 | D:5      | Reached XP level 9. HP: 47/47 MP: 6/16
  6756 | D:5      | Found a hazy altar of Hepliaklqana.
  7572 | D:6      | Found a radiant altar of Vehumet.
  8065 | D:7      | Noticed Duvessa
  8269 | D:7      | Noticed Dowan
  8270 | D:7      | Noticed Joseph
  8705 | D:7      | Learned a level 2 spell: Poisonous Vapours
  9034 | D:7      | Killed Joseph
  9035 | D:7      | Reached skill level 1 in Transmutations
  9107 | D:7      | Reached skill level 1 in Air Magic
  9158 | D:7      | Noticed Menkaure
  9191 | D:7      | Killed Menkaure
  9192 | D:7      | Killed Duvessa
  9201 | D:7      | Killed Dowan
  9347 | D:7      | Learned a level 3 spell: Ignite Poison
  9535 | D:7      | Found a glowing silver altar of Zin.
  9568 | D:7      | Found a staircase to the Ecumenical Temple.
  9576 | D:7      | Reached XP level 10. HP: 50/56 MP: 9/19
  9678 | D:7      | Found a sparkling altar of Nemelex Xobeh.
 10100 | D:8      | Reached skill level 1 in Fire Magic
 10107 | D:8      | Reached skill level 1 in Poison Magic
 10583 | D:8      | Found a staircase to the Lair.
 10612 | Abyss:1  | Found a corrupted altar of Lugonu.
 10612 | Abyss:1  | Cast into level 1 of the Abyss (orc warrior)
 10699 | Abyss:1  | Reached skill level 1 in Shields
 10704 | Abyss:1  | Slain by a flying skull

Illustrated notes

Levels and vault maps discovered:
D:1:      nicolae_arrival_washed_ashore, layout_loops_ring, serial_shops,
          nicolae_shop_just_a_little_nook, chequers_serial_rivers_small_3,
          serial_bayou_crossing
D:2:      layout_rooms
D:3:      minmay_wonky_spiral, layout_loops_ring, portal_sewer_entry_a,
          uniq_natasha, uniq_sigmund
D:4:      kennysheep_slugbush, layout_cave_pods, mainiacjoe_overflow_alcove_2,
          nicolae_ashenzari_skybound, amcnicky_altar_gilded
D:5:      layout_layer_cave, nicolae_hepliaklqana_hippocampus, minivault_1,
          uniq_blork_the_orc
D:6:      layout_basic, fiery_altar_vehumet, hangedman_decor_points,
          nicolae_hexahallways
D:7:      layout_loops_ring, lemuel_round_altar, nemelex_diamond_rough_becter,
          minmay_temple_entry_trees, kennysheep_generic_room_15, uniq_duvessa,
          uniq_joseph, uniq_menkaure
D:8:      layout_basic, due_lair_maze_entry_diamond, minmay_misc_feat_encased,
          grunt_ministairs_10, corexii_leaking_fountain
Abyss:1:  base: D:6, spicy_abyss_planar_alliance

Skill      XL: |  1  2  3  4  5  6  7  8  9 10 |
---------------+-------------------------------+-----
Fighting       | 1 3 |  3.3
Earth Magic    | 4 5 6 7 8 |  8.7
Conjurations   | 1 2 3 4 6 7 8 |  8.3
Spellcasting   | 3 4 5 6 |  6.3
Maces & Flails | 2 3 |  3.5
Evocations     | 2 3 4 |  4.2
Transmutations | 2 |  2.5
Air Magic      | 1 2 |  2.3
Fire Magic     | 1 |  1.9
Poison Magic   | 1 |  1.7
Shields        | 1 |  1.0
Dodging        | |  1.5
Stealth        | |  2.1

Action                     |  1- 3 |  4- 6 |  7- 9 | 10-12 || total
---------------------------+-------+-------+-------+-------++-------
  Melee: Whip              |       |    19 |    58 |    28 ||   105
         Punch             |       |       |     2 |       ||     2
   Cast: Sandblast         |    59 |    48 |    62 |     7 ||   176
         Stone Arrow       |       |       |    73 |    20 ||    93
         Poisonous Vapours |       |       |     8 |     7 ||    15
         Ignite Poison     |       |       |     1 |     3 ||     4
  Evoke: Wand              |       |     3 |    10 |       ||    13
    Use: Scroll            |       |    10 |     2 |       ||    12
         Potion            |       |       |     3 |     1 ||     4
   Stab: Invisible         |       |     1 |       |       ||     1
         Paralysed         |       |       |     4 |       ||     4
 Armour: Robe              |     7 |    16 |    22 |       ||    45
         Steam dragon scal |       |       |    45 |    26 ||    71
  Dodge: Dodged            |    11 |    34 |    74 |    27 ||   146
  Block: Buckler           |       |       |       |     7 ||     7
